 Dungeon Crawl Stone Soup version 0.28-a0-706-gf6f64a616a (webtiles) character file.

Game seed: 7814974821451257717

431 KoroneIsBestGirl the Covered (level 6, -1/51 (52) HPs)
             Began as a Barachi Fighter on Oct 24, 2021.
             Was an Initiate of Gozag.
             Killed from afar by an orc wizard (12 damage)
             ... with a puff of flame
             ... on level 5 of the Dungeon.
             The game lasted 00:03:58 (7547 turns).

KoroneIsBestGirl the Covered (Barachi Fighter)      Turns: 7547, Time: 00:04:01

HP:   -1/51 (52)    AC:  8    Str: 20    XL:     6   Next: 99%
MP:   6/6           EV:  9    Int:  8    God:    Gozag
Gold: 268           SH:  4    Dex: 11    Spells: 5/5 levels left

rFire   . . .      SeeInvis .   a - +0 long sword
rCold   . . .      Faith    .   c - +0 buckler
rNeg    . . .      Spirit   .   b - +0 scale mail
rPois   .          Reflect  .   o - +0 helmet
rElec   .          Harm     .   (no cloak)
rCorr   .          Rampage  .   (no gloves)
Will    .....                   (no boots)
Stlth   ..........              (no amulet)
HPRegen 0.17/turn               (no ring)
MPRegen 0.10/turn               (no ring)

@: gold aura, lightly drained, slow
A: amphibious, slowness 1, strong legs 1, +LOS
a: Hop, Renounce Religion, Potion Petition, Call Merchant, Bribe Branch


You were on level 5 of the Dungeon.
You worshipped Gozag.
Gozag was aware of your devotion.
You visited 1 branch of the dungeon, and saw 5 of its levels.

You collected 341 gold pieces.
You paid 73 gold pieces to Gozag.

Inventory:

Hand Weapons
 a - a +0 long sword (weapon)
Armour
 b - a +0 scale mail (worn)
 c - a +0 buckler (worn)
 o - a +0 helmet (worn)
Jewellery
 r - an amulet of the acrobat
Scrolls
 d - 2 scrolls of fear {unknown}
 e - 3 scrolls of teleportation
 f - 2 scrolls of immolation {unknown}
 k - a scroll of magic mapping {unknown}
 m - 4 scrolls of identify {unknown}
 n - a scroll of amnesia {unknown}
 p - 2 scrolls of blinking {unknown}
Potions
 h - 2 potions of degeneration {unknown}
 i - a potion of resistance {unknown}
 j - a potion of cancellation {unknown}
 l - 2 potions of haste {unknown}
 q - a potion of flight {unknown}
 s - a potion of brilliance {unknown}


   Skills:
 + Level 5.8 Fighting
 + Level 5.1 Long Blades
 + Level 5.8 Armour
 - Level 4.2 Shields


You had 5 spell levels left.
You didn't know any spells.
Your spell library contained the following spells:

 Spells                   Type           Power      Damage    Failure   Level
 Beastly Appendage        Tmut           0%         N/A       75%         1
 Blink                    Tloc           0%         N/A       86%         2
 Static Discharge         Conj/Air       0%         N/A       86%         2
 Wereblood                Tmut           0%         N/A       86%         2
 Spider Form              Tmut/Pois      0%         N/A       98%         3
 Lightning Bolt           Conj/Air       0%         1d11      100%        5
 Manifold Assault         Tloc           0%         N/A       100%        5
 Storm Form               Tmut/Air       0%         N/A       100%        7
 Maxwell's Capacitive Co  Air            0%         ∞         100%        8


Dungeon Overview and Level Annotations

Branches:
Dungeon (5/15)
 Temple: D:4-7

Altars:
Dithmenos
Gozag
Nemelex Xobeh

Annotations:
D:4 2 transporters, pokeman's ghost, novice DEWz


Innate Abilities, Weirdness & Mutations

You are amphibious.
You cover ground slowly.
You can hop short distances.
You have an extended range of vision and can be seen from far away.


Message History

The orc priest mumbles some strange prayers to Beogh against you.
Beogh smites you!
The orc priest hits you but does no damage.
You slash the orc priest!
The orc priest is heavily wounded.
The orc priest hits you but does no damage.
You hit the orc priest but do no damage.
The orc priest is heavily wounded.
The orc priest hits you but does no damage.
You hit the orc priest but do no damage.
The orc priest is heavily wounded.
The orc priest closely misses you.
You hit the orc priest but do no damage.
The orc priest is heavily wounded.
The orc priest hits you with a +0 mace.
The orc wizard mumbles some strange words.
The orc wizard flickers and vanishes!
Deactivating autopickup; reactivate with Ctrl-A.
You slash the orc priest!
You kill the orc priest!
You hear some strange, mumbled words.
You are confused.
The orc priest looks encouraged for a moment.
You bump into the rock wall.
You bump into the rock wall.
The orc priest is distracted by your dazzling golden aura.
The orc priest is no longer distracted by gold.
The orc priest calls down the wrath of Beogh upon you.
Beogh smites you!
* * * LOW HITPOINT WARNING * * *
Something hits you.
* * * LOW HITPOINT WARNING * * *
It was a potion of magic.
Magic courses through your body.
You feel less confused.
The orc priest is distracted by your dazzling golden aura.
You hear some strange, mumbled words.
A puff of flame appears from out of thin air!
The puff of flame hits you!
You die...
Your body crumbles into a pile of gold.

#...# #..## ...# ..
#..## ##..## #..# ..
#...## ##....##..# .#
.....###..##....# ..
....#....####o..###.#
....##..## ##$###..####.
....##..# #o###..#....
...###..## ###o{.......#
....[....###...#@....###
##
..........#...###..###
..##
...............###.#
....#
..........###......##
..... #...####.##
##......### ..... ...##
#.# ##..###..## #...#
...# #.# #.## ##..##..#
..## #.# #..# ##....# ..
..# ###.## ##..##


You could see an orc priest (unaware) and 2 orcs.

Vanquished Creatures
  An ogre (D:4)
  A scorpion (D:2)
  A jelly (D:5)
  An orc priest (D:5)
  A bullfrog skeleton (D:3)
  2 orc wizards
  6 adders
  A worm (D:2)
  3 dart slugs
  10 orcs
  8 endoplasms
  2 giant cockroaches
  6 goblins
  11 hobgoblins
  A quokka (D:1)
  6 ball pythons
  10 bats
  2 frilled lizards
  8 kobolds
  8 rats
89 creatures vanquished.

Notes
Turn   | Place    | Note
-------+----------+-------------------------------------------
     0 | D:1      | KoroneIsBestGirl the Barachi Fighter began the quest for
                  | the Orb.
     0 | D:1      | Reached XP level 1. HP: 18/18 MP: 1/1
    78 | D:1      | Reached XP level 2. HP: 21/25 MP: 2/2
   388 | D:1      | Found a faded altar of an unknown god.
   430 | D:1      | Prayed at the altar of an unknown god.
   430 | D:1      | Became a worshipper of Nemelex Xobeh the Trickster
   430 | D:1      | Reached * piety under Nemelex Xobeh
  1041 | D:1      | Received a gift from Nemelex Xobeh
  1113 | D:1      | Reached XP level 3. HP: 28/30 MP: 3/3
  1571 | D:2      | Reached XP level 4. HP: 37/37 MP: 4/4
  1655 | D:2      | Noticed a scorpion
  1669 | D:2      | Killed a scorpion
  1670 | D:2      | Reached XP level 5. HP: 15/43 MP: 5/5
  2667 | D:3      | Reached ** piety under Nemelex Xobeh
  2898 | D:3      | Reached skill level 5 in Fighting
  2898 | D:3      | Reached skill level 5 in Armour
  2954 | D:3      | Found a shadowy altar of Dithmenos.
  3108 | D:3      | Reached XP level 6. HP: 39/51 MP: 6/6
  3515 | D:4      | Found a transporter.
  3515 | D:4      | Noticed pokeman's ghost (novice DEWz)
  3563 | D:4      | Found an opulent altar of Gozag.
  3575 | D:4      | Fell from the grace of Nemelex Xobeh
  3575 | D:4      | Became a worshipper of Gozag Ym Sagoz the Greedy
  3638 | D:4      | Found a transporter.
  7141 | D:5      | Entered Level 5 of the Dungeon
  7234 | D:5      | Reached skill level 5 in Long Blades
  7547 | D:5      | Killed from afar by an orc wizard

Illustrated notes

Levels and vault maps discovered:
D:1:      minmay_arrival_loop, layout_rooms,
          shapermc_ecumenical_altar_acropolis, nrook_campfire,
          corexii_item_surrounded_by_moat
D:2:      layout_basic, feat_on_display
D:3:      layout_rooms, nicolae_dithmenos_the_darkroom, minmay_circle_x
D:4:      layout_loops_ring, grunt_gozag_breadcrumbs, gammafunk_ghost_arena
D:5:      layout_layer_cave

Skill      XL: |  1  2  3  4  5  6 |
---------------+-------------------+-----
Fighting       | 4 5 |  5.8
Armour         | 4 5 |  5.8
Long Blades    | 3 4 5 |  5.1
Shields        | 4 |  4.2

Action                   |  1- 3 |  4- 6 || total
-------------------------+-------+-------++-------
Melee: Long sword        |   129 |   199 ||   328
 Abil: Hop               |     1 |     1 ||     2
  Use: Potion            |       |     2 ||     2
       Scroll            |       |     1 ||     1
Armor: Scale mail        |   104 |    84 ||   188
Dodge: Dodged            |    81 |    71 ||   152
Block: Buckler           |    32 |    40 ||    72

Table legend: (Time is in decaauts)
 A = Elapsed time spent in this place.
 B = Non-inter-level travel time spent in this place.
 C = Inter-level travel time spent in this place.
 D = Time resting spent in this place.
 E = Time spent auto-exploring this place.
 F = Levels seen in this place.
 G = Mean time per level.
                   A        B        C        D        E       F      G
               +--------+--------+--------+--------+--------+-----+--------+
         Total |   8066 |   7935 |    131 |   2794 |   4334 |   5 | 1613.2 |
       Dungeon |   8066 |   7935 |    131 |   2794 |   4334 |   5 | 1613.2 |
               +--------+--------+--------+--------+--------+-----+--------+

Top non-repeatable levels by time:
     D:4: 3935 daAuts
     D:2: 1504 daAuts
     D:1: 1351 daAuts
     D:3: 829 daAuts
     D:5: 445 daAuts
